 Dungeon Crawl Stone Soup version 0.32-a0-391-gce5c0aa (webtiles) character file.

Game seed: 2905245021820813039

18 Nithhogg the Covered (level 2, -3/26 HPs)
             Began as a Mountain Dwarf Fighter on Feb 19, 2024.
             Succumbed to a kobold's poison
             ... on level 1 of the Dungeon.
             The game lasted 00:00:54 (300 turns).

Nithhogg the Covered (Mountain Dwarf Fighter)        Turns: 300, Time: 00:00:55

Health: -3/26      AC: 10    Str: 18    XL:     2   Next: 51%
Magic:  2/2        EV:  9    Int:  8    God:
Gold:   64         SH:  4    Dex:  9    Spells: 1/1 levels left

rFire   + . .        a - +0 war axe
rCold   . . .        c - +0 buckler
rNeg    . . .        g - +4 scale mail {rF+}
rPois   .            (no helmet)
rElec   .            (no cloak)
rCorr   .            (no gloves)
SInv    .            (no boots)
Will    .....        (no amulet) Stlth
                     (no ring)
HPRegen 0.24/turn    (no ring)
MPRegen 0.08/turn

%: no passive effects
@: lethally poisoned (-3 -> -28), invisible
A: runic magic, artefact enchanting
a: no special abilities


You were on level 1 of the Dungeon.
You visited 1 branch of the dungeon, and saw 1 of its levels.

You collected 64 gold pieces.

Inventory:

Hand Weapons
 a - a +0 war axe (weapon)
Missiles
 f - an atropa-tipped dart (quivered)
Armour
 b - a +0 scale mail
 c - a +0 buckler (worn)
 g - a +4 scale mail of fire resistance (worn)
Jewellery
 h - a ring of magical power
Potions
 d - a potion of might
 j - a potion of berserk rage {unknown}


   Skills:
 + Level 3.5 Fighting
 + Level 2.8 Axes
 + Level 3.6 Armour
 - Level 3.2 Shields
 + Level 1.2 Invocations


You had one spell level left.
You didn't know any spells.
Your spell library was empty.

Dungeon Overview and Level Annotations

Branches:
Dungeon (1/15)

Altars:


Innate Abilities, Weirdness & Mutations

Your spellcasting is much less encumbered by armour.
You can use scrolls of enchantment on lesser artefacts.


Message History

The kobold completely misses you.
Throw: 6 darts (atropa)
Press: ? - help, Q - select action Shift-Dir - straight line, f - kobold
Aim: a kobold, wielding a +0 short sword of venom and quivering stones (severely wounded, unable to see you, 40% to hit, chance to blind on hit: 100%)
You throw an atropa-tipped dart.
The atropa-tipped dart barely misses the kobold.
The kobold hits you but does no damage.
You are poisoned.
Throw: 5 darts (atropa)
Press: ? - help, Q - select action Shift-Dir - straight line, f/p - kobold
Aim: a kobold, wielding a +0 short sword of venom and quivering stones (severely wounded, unable to see you, 40% to hit, chance to blind on hit: 100%)
You throw an atropa-tipped dart.
The atropa-tipped dart closely misses the kobold.
You feel sick. The kobold closely misses you.
Throw: 4 darts (atropa)
Press: ? - help, Q - select action Shift-Dir - straight line, f/p - kobold
Aim: a kobold, wielding a +0 short sword of venom and quivering stones (severely wounded, unable to see you, 40% to hit, chance to blind on hit: 100%)
You throw an atropa-tipped dart.
The atropa-tipped dart barely misses the kobold.
You feel sick. The kobold hits you but does no damage.
You are lethally poisoned!
The kobold barely misses you.
Throw: 3 darts (atropa)
Press: ? - help, Q - select action Shift-Dir - straight line, f/p - kobold
Aim: a kobold, wielding a +0 short sword of venom and quivering stones (severely wounded, unable to see you, 40% to hit, chance to blind on hit: 100%)
You throw an atropa-tipped dart. The atropa-tipped dart hits the kobold.
The kobold appears confused.
The kobold is severely wounded.
* * * LOW HITPOINT WARNING * * *
You feel very sick.
The kobold seems less confused.
The kobold hits you with a +0 short sword of venom.
* * * LOW HITPOINT WARNING * * *
You are more poisoned.
Throw: 2 darts (atropa)
Press: ? - help, Q - select action Shift-Dir - straight line, f/p - kobold
Aim: a kobold, wielding a +0 short sword of venom and quivering stones (severely wounded, blind, unable to see you, 40% to hit, chance to blind on hit: 100%)
You throw an atropa-tipped dart.
The atropa-tipped dart completely misses the kobold.
You die...

#############
##.....#.....##
##.............##
#...............#
#(...K@...[.....#
#...............#
#...............#
#.............†.#
#...............#
##..............#
##.....#.......######
.#..#.###..........##
#.##. #.....####...


You could see a kobold (blind, unable to see you).

Vanquished Creatures
  A dart slug (D:1)
  2 hobgoblins (D:1)
  2 quokkas (D:1)
  2 ball pythons (D:1)
  A frilled lizard (D:1)
  2 rats (D:1)
10 creatures vanquished.

Notes
Turn   | Place    | Note
-------+----------+-------------------------------------------
     0 | D:1      | Nithhogg the Mountain Dwarf Fighter began the quest for the
                  | Orb.
     0 | D:1      | Reached XP level 1. HP: 19/19 MP: 1/1
   193 | D:1      | Reached XP level 2. HP: 26/26 MP: 2/2
   222 | D:1      | Reached skill level 1 in Invocations
   300 | D:1      | Succumbed to a kobold's poison

Illustrated notes

Levels and vault maps discovered:
D:1:      spicycebolla_arrival_clurvy, layout_rooms

Skill      XL: |  1  2 |
---------------+-------+-----
Invocations    | 1 |  1.2
Fighting       | |  3.5
Axes           | |  2.8
Armour         | |  3.6
Shields        | |  3.2

Action                     || total
---------------------------++-------
  Melee: War axe           ||    35
  Throw: Dart              ||     5
    Use: Potion            ||     2
 Armour: Scale mail        ||    27
         Skin              ||     2
  Dodge: Dodged            ||    22
  Block: Buckler           ||     5

Table legend: (Time is in decaauts)
 A = Elapsed time spent in this place.
 B = Non-inter-level travel time spent in this place.
 C = Inter-level travel time spent in this place.
 D = Time resting spent in this place.
 E = Time spent auto-exploring this place.
 F = Levels seen in this place.
 G = Mean time per level.
                   A        B        C        D        E       F      G
               +--------+--------+--------+--------+--------+-----+--------+
         Total |    314 |    314 |      0 |      0 |    183 |   1 |  314.0 |
       Dungeon |    314 |    314 |      0 |      0 |    183 |   1 |  314.0 |
               +--------+--------+--------+--------+--------+-----+--------+

Top non-repeatable levels by time:
     D:1: 314 daAuts
